 Dungeon Crawl Stone Soup version 0.30-a0-778-g2ef04afb54 (webtiles) character file.

Game seed: 7145471890793823123

88 BigDaddyOpFi the Digger (level 5, -3/38 HPs)
             Began as a Meteoran Earth Elementalist on Feb 15, 2023.
             Slain by a goblin
             ... wielding a +0 club
             ... led by Robin
              (6 damage)
             ... on level 2 of the Dungeon.
             The game lasted 00:01:50 (1056 turns).

BigDaddyOpFi the Digger (MeEE)                      Turns: 1056, Time: 00:01:51

Health: -3/38      AC:  2    Str: 10    XL:     5   Next: 10%
Magic:  5/11       EV: 13    Int: 18    God:
Gold:   104        SH:  0    Dex: 14    Spells: 7/11 levels left

rFire   . . .      SeeInvis .    e - +1 dagger (speed)
rCold   . . .      Faith    .    (no shield)
rNeg    . . .      Spirit   .    a - +0 robe
rPois   .          Reflect  .    (no helmet)
rElec   .          Harm     .    (no cloak)
rCorr   .          Rampage  .    (no gloves)
Will    .....                    (no boots)
Stlth   +                        c - amulet of the acrobat
HPRegen 0.26/turn                (no ring)
MPRegen 0.12/turn                (no ring)

@: about to teleport, glowing
A: sense surroundings 1, otherworldly, glowing, explore regen
a: no special abilities


You were on level 2 of the Dungeon.
You visited 1 branch of the dungeon, and saw 2 of its levels.

You collected 104 gold pieces.

Inventory:

Hand Weapons
 e - a +1 dagger of speed (weapon)
Armour
 a - a +0 robe (worn)
Jewellery
 c - an amulet of the acrobat (around neck)
Scrolls
 d - a scroll of fog
 h - 2 scrolls of identify


   Skills:
 + Level 3.4 Dodging
 - Level 1.4 Stealth
 + Level 3.6 Spellcasting
 + Level 2.1 Conjurations
 - Level 1.2 Transmutations
 + Level 4.4 Earth Magic


You had 7 spell levels left.
You knew the following spells:

 Your Spells              Type           Power      Damage    Failure   Level
a - Sandblast             Erth           38%        2d10      2%          1
b - Stone Arrow           Conj/Erth      30%        3d8       12%         3

Your spell library contained the following spells:

 Spells                   Type           Power      Damage    Failure   Level
 Passwall                 Tmut/Erth      10%        N/A       7%          2
 Freeze                   Ice            12%        1d3       16%         1
 Hailstorm                Conj/Ice       7%         3d4       30%         3
 Frozen Ramparts          Ice            6%         1d1       43%         3
 Petrify                  Tmut/Erth      13%        N/A       43%         4


Dungeon Overview and Level Annotations

Branches:
Dungeon (2/15) Zot: 137

Altars:

Annotations:
D:2 Robin


Innate Abilities, Weirdness & Mutations

You passively map a small area around you.
You are easily found by Zot.
You glow in the dark.
You regain HP and MP as you explore.


Message History

Terence hits you but does no damage. Robin hits you but does no damage.
The goblin hits you but does no damage. x2
Casting: Sandblast (safe; 2% risk of failure)
Confirm with . or Enter, or press ? or * to list all spells.
Aiming: Stone Arrow (dangerous; 13% risk of failure)
Press: ? - help, Shift-Dir - straight line, f/p - Terence
Aim: Terence, wielding a +1 falchion of holy wrath and wearing a +0 scale mail (severely wounded, 72% to hit)
The stone arrow hits Terence.
Terence is almost dead.
Terence hits you with a +1 falchion of holy wrath!
* * * LOW HITPOINT WARNING * * *
The goblin hits you with a +0 club.
* * * LOW HITPOINT WARNING * * *
The goblin hits you but does no damage. x2; Robin hits you but does no damage.
Casting: Stone Arrow (dangerous; 13% risk of failure)
Confirm with . or Enter, or press ? or * to list all spells.
Aiming: Stone Arrow (dangerous; 13% risk of failure)
Press: ? - help, Shift-Dir - straight line, f/p - Terence
Aim: Terence, wielding a +1 falchion of holy wrath and wearing a +0 scale mail (almost dead, 72% to hit)
The stone arrow hits Terence!
You kill Terence!
Robin hits you but does no damage. The goblin hits you with a +0 club.
* * * LOW HITPOINT WARNING * * *
The goblin hits you but does no damage. x2
Your Conjurations skill increases to level 2!
You have reached level 5!
You aren't carrying any potions.
As you read the scroll labelled TUMPAIPHIQOSH, it crumbles to dust.
It is a scroll of identify.
d - a scroll of fog You feel less wooden.
Your +0 robe unmelds from your body.
Robin misses you.
The goblin barely misses you. x2; The goblin hits you with a +0 dagger.
* * * LOW HITPOINT WARNING * * *
As you read the scroll labelled TILOLEUMED, it crumbles to dust.
You feel strangely unstable.
It was a scroll of teleportation.
The goblin hits you but does no damage. The goblin hits you with a +0 dagger.
* * * LOW HITPOINT WARNING * * *
The goblin hits you with a +0 club.
You die...

##..#......# #........... ###
#.#...#..#.. #.# #####.##........
<.# *......#......## ..# * *
#.....#......# ########## *
,,+.....#......#
P♣P8P♣P♣P♣#########.....#......##
...............g@)......+......'.
P♣P8P♣P♣P♣##...ggg...#..#......##
############÷..##...##.........#
,+.......# ..####..@######
#.......#,.##.?g.g.# #........
##.......# * #.(...... ,#...g..#
, #.......#* #.......# #.......#
#.....#.#


You could see Robin and 3 goblins.

Vanquished Creatures
  Jessica (D:2)
  Terence (D:2)
  A ball python (D:1)
  3 bats
  2 endoplasms (D:1)
  9 goblins
  3 hobgoblins
  4 jackals (D:2)
  3 kobolds
  2 quokkas
  3 rats
32 creatures vanquished.

Notes
Turn   | Place    | Note
-------+----------+-------------------------------------------
     0 | D:1      | BigDaddyOpFi the Meteoran Earth Elementalist began the
                  | quest for the Orb.
     0 | D:1      | Reached XP level 1. HP: 14/14 MP: 5/5
   150 | D:1      | Reached XP level 2. HP: 12/20 MP: 2/6
   493 | D:1      | Glimpsed the power of Zot.
   542 | D:1      | Glimpsed the power of Zot.
   570 | D:2      | Reached skill level 1 in Conjurations
   571 | D:2      | Reached XP level 3. HP: 20/26 MP: 3/8
   598 | D:2      | Reached skill level 4 in Earth Magic
   757 | D:2      | Noticed Jessica
   761 | D:2      | Killed Jessica
   762 | D:2      | Reached XP level 4. HP: 16/33 MP: 8/10
   931 | D:2      | Learned a level 3 spell: Stone Arrow
   996 | D:2      | Noticed Terence
   996 | D:2      | Noticed Robin
  1054 | D:2      | Killed Terence
  1055 | D:2      | Reached XP level 5. HP: 8/38 MP: 5/11
  1056 | D:2      | Slain by a goblin

Illustrated notes

Levels and vault maps discovered:
D:1:      scummos_arrival_gate, layout_loops_corners
D:2:      layout_basic, dreamdust_princess_corridor, minmay_misc_feat_plants,
          uniq_jessica, uniq_terence, uniq_robin

Skill      XL: |  1  2  3  4 |
---------------+-------------+-----
Spellcasting   | 3 |  3.6
Conjurations   | 1 2 |  2.1
Earth Magic    | 4 |  4.4
Dodging        | 3 |  3.4
Stealth        | |  1.4
Transmutations | |  1.2

Action                     |  1- 3 |  4- 6 || total
---------------------------+-------+-------++-------
  Melee: Dagger            |     3 |    32 ||    35
   Cast: Sandblast         |    30 |    10 ||    40
         Stone Arrow       |       |     3 ||     3
    Use: Potion            |       |     2 ||     2
         Scroll            |       |     2 ||     2
 Armour: Robe              |     4 |     1 ||     5
         Skin              |       |    96 ||    96
  Dodge: Dodged            |    10 |    11 ||    21

Table legend: (Time is in decaauts)
 A = Elapsed time spent in this place.
 B = Non-inter-level travel time spent in this place.
 C = Inter-level travel time spent in this place.
 D = Time resting spent in this place.
 E = Time spent auto-exploring this place.
 F = Levels seen in this place.
 G = Mean time per level.
                   A        B        C        D        E       F      G
               +--------+--------+--------+--------+--------+-----+--------+
         Total |   1061 |   1004 |     57 |    162 |    648 |   2 |  530.5 |
       Dungeon |   1061 |   1004 |     57 |    162 |    648 |   2 |  530.5 |
               +--------+--------+--------+--------+--------+-----+--------+

Top non-repeatable levels by time:
     D:1: 573 daAuts
     D:2: 488 daAuts
